 Dungeon Crawl Stone Soup version 0.31.0-11-ge490571c62 (webtiles) character file.

Game seed: 10123761923355331964

95 Minsecho the Apothecary (level 4, -4/27 HPs)
             Began as an Octopode Alchemist on Feb 11, 2024.
             Shot with a sling bullet by a goblin (7 damage)
             ... on level 3 of the Dungeon.
             The game lasted 00:04:06 (2473 turns).

Minsecho the Apothecary (Octopode Alchemist)        Turns: 2473, Time: 00:04:07

Health: -4/27      AC:  1    Str:  7    XL:     4   Next: 66%
Magic:  8/8        EV: 13    Int: 17    God:
Gold:   97         SH:  0    Dex: 14    Spells: 2/8 levels left

rFire   . . .        j - +2 long sword (heavy)
rCold   . . .        (no shield)
rNeg    . . .        (helmet restricted)
rPois   +            (no amulet)
rElec   .            l - ring of poison resistance
rCorr   .            (no ring)
SInv    .            (no ring)
Will    .....        (no ring)
Stlth   +++          (no ring)
HPRegen 0.24/turn    (no ring)
MPRegen 0.11/turn    (no ring)
                     (no ring)

%: no passive effects
@: no status effects
A: almost no armour, amphibious, 8 rings, camouflage 1, gelatinous body 1,
(nimble swimmer 1), tentacles
a: no special abilities


You were on level 3 of the Dungeon.
You visited 1 branch of the dungeon, and saw 3 of its levels.

You collected 97 gold pieces.

Inventory:

Hand Weapons
 j - a +2 heavy long sword (weapon)
 k - a +2 antimagic rapier
 n - a +2 dagger of holy wrath
Jewellery
 l - a ring of poison resistance (left tentacle)
Scrolls
 e - 3 scrolls of teleportation {unknown}
 g - 2 scrolls of immolation {unknown}
 h - 2 scrolls of fog {unknown}
 i - 3 scrolls of identify {unknown}
 q - a scroll of fear {unknown}
Potions
 a - a potion of magic
 b - 3 potions of lignification {unknown}
 c - a potion of enlightenment {unknown}
 d - 5 potions of curing
 f - a potion of degeneration {unknown}
 o - a potion of attraction {unknown}
 p - a potion of berserk rage {unknown}


   Skills:
 + Level 0.1 Fighting
 + Level 0.2(0.4) Short Blades
 + Level 0.6(0.7) Long Blades
 + Level 2.3 Dodging
 + Level 3.6 Stealth
 + Level 2.8 Spellcasting
 + Level 1.5 Conjurations
 * Level 4.1 Alchemy


You had 2 spell levels left.
You knew the following spells:

 Your Spells              Type           Power      Damage    Failure   Level
a - Sting                 Conj/Alch      48%        1d6       5%          1
b - Mercury Vapours       Alch/Air       18%        N/A       12%         2
c - Mephitic Cloud        Conj/Alch/Air  8%         N/A       24%         3

Your spell library contained the following spells:

 Spells                   Type           Power      Damage    Failure   Level
 Olgreb's Toxic Radiance  Alch           16%        N/A       32%         4
 Sticky Flame             Fire/Alch      9%         2d5       58%         4


Dungeon Overview and Level Annotations

Branches:
Dungeon (3/15)

Altars:

Shops:
D:1 ?


Innate Abilities, Weirdness & Mutations

You cannot wear most types of armour.
You are amphibious.
You can wear up to eight rings at the same time.
Your skin changes colour to match your surroundings (Stealth+).
Your rubbery body absorbs attacks. (AC +1, EV +1)
((You are camouflaged when in or above water. (Stealth+)))
You have tentacles for arms and can constrict up to eight enemies at once.


Message History

Aim: a goblin, wielding a +0 club (45% to hit)
You throw a javelin. The javelin closely misses the goblin.
The javelin closely misses the ogre.
The javelin closely misses the goblin.
The goblin hits you with a +0 club.
Throw: 2 javelins
Press: ? - help, Shift-Dir - straight line, f/p - goblin
Aim: a goblin, wielding a +0 club (45% to hit)
You throw a javelin. The javelin closely misses the goblin.
The javelin pierces through the ogre.
The ogre is heavily wounded.
The javelin pierces through the goblin.
You kill the goblin!
The goblin barely misses you. x2
Throw: javelin
Press: ? - help, Shift-Dir - straight line, f - goblin, p - goblin
Aim: a goblin, wielding a +0 club (45% to hit)
You throw a javelin. The javelin pierces through the goblin!
You kill the goblin!
The javelin pierces through the ogre.
The ogre is severely wounded.
The goblin unwields a +0 dagger.
The goblin wields a +0 sling.
The goblin shoots a sling bullet.
The sling bullet closely misses you. The goblin hits you with a +0 club.
Unknown command.
You slice the goblin!!
You kill the goblin!
The goblin hits you but does no damage. The goblin hits you with a +0 dagger.
You hit the goblin. You grab the goblin.
The goblin is heavily wounded.
You constrict the goblin.
You kill the goblin!
The ogre hits you with a +0 giant club!!
Ouch! That really hurt!
* * * LOW HITPOINT WARNING * * *
Okay, then.
You slash the ogre!
You kill the ogre!
The goblin shoots a sling bullet.
The sling bullet hits you!
You die...

#.# #.# #.# #.#
#.# ##### #####
..... #.(.#
##### #()(# .g.
####)#
#########..)@#
#....##...####
#####....##.###
....#....##.#
....#....'..#
....#....####
....#....#
.........#
....#....#


You could see a goblin.

Vanquished Creatures
  An ogre (D:3)
  2 adders (D:2)
  A shadow imp (D:3)
  2 ribbon worms (D:3)
  5 bats
  4 endoplasms
  A giant cockroach (D:1)
  6 hobgoblins
  8 jackals
  5 kobolds
  A quokka (D:2)
  3 ball pythons
  A frilled lizard (D:3)
  14 goblins
  5 rats
59 creatures vanquished.

Notes
Turn   | Place    | Note
-------+----------+-------------------------------------------
     0 | D:1      | Minsecho the Octopode Alchemist began the quest for the
                  | Orb.
     0 | D:1      | Reached XP level 1. HP: 11/11 MP: 3/3
    21 | D:1      | Found Oskestab's Magic Scroll Shoppe.
   294 | D:1      | Reached XP level 2. HP: 13/17 MP: 5/5
   879 | D:2      | Learned a level 2 spell: Mercury Vapours
  1006 | D:2      | Reached XP level 3. HP: 11/21 MP: 0/6
  1413 | D:2      | Reached skill level 4 in Alchemy
  1547 | D:2      | Reached XP level 4. HP: 20/27 MP: 8/8
  1948 | D:2      | Learned a level 3 spell: Mephitic Cloud
  2465 | D:3      | Noticed an ogre
  2473 | D:3      | Killed an ogre
  2473 | D:3      | Shot with a sling bullet by a goblin

Illustrated notes

Levels and vault maps discovered:
D:1:      elethiomel_arrival_shortcut, layout_loops_cross, serial_shops,
          nicolae_diamond_shop, kennysheep_crisscross, item_on_display_a
D:2:      layout_loops_ring
D:3:      layout_basic, nicolae_sif_muna_little_library,
          worldfamousw_hep_ancestral_shrine, minmay_ogre_servants

Skill      XL: |  1  2  3 |
---------------+----------+-----
Stealth        | 3 |  3.6
Alchemy        | 4 |  4.1
Fighting       | |  0.1
Short Blades   | |  0.2
Long Blades    | |  0.6
Dodging        | |  2.3
Spellcasting   | |  2.8
Conjurations   | |  1.5

Action                     |  1- 3 |  4- 6 || total
---------------------------+-------+-------++-------
  Melee: Unarmed           |    38 |       ||    38
         Constrict         |    13 |     4 ||    17
         Tentacles         |     8 |     1 ||     9
         Punch             |     1 |       ||     1
         Long sword        |    17 |    12 ||    29
         Dagger            |       |     6 ||     6
  Throw: Javelin           |       |     5 ||     5
   Cast: Sting             |    37 |     6 ||    43
    Use: Potion            |     1 |       ||     1
   Stab: Sleeping          |     5 |     7 ||    12
         Distracted        |     1 |       ||     1
 Armour: Skin              |    36 |    11 ||    47
  Dodge: Dodged            |    34 |     8 ||    42
